[Event "Team 45 45 League T40"]
[Site "Internet Chess Club"]
[Date "2009.03.28"]
[Round "9"]
[White "arconia"]
[Black "cobbler"]
[Result "1-0"]
[WhiteElo "1391"]
[BlackElo "1141"]
[Opening "French defense"]
[ECO "C00"]
[Time "18:00:31"]
[TimeControl "2700+45"]

1. e4 e6 2. Nf3 d5 3. e5 c5 4. Be2 Nc6 5. O-O Be7 6. c3 Nh6 7. d4 Nf5 8. h3 Qb6
9. Be3 Qxb2 10. Nbd2 Nxe3 11. fxe3 Qxc3 12. Nh2 Qxe3+ 13. Kh1 Qxd4 14. Qe1 Nxe5
15. Nhf3 Nxf3 16. Nxf3 Qa4 17. Ne5 O-O 18. Ng4 b6 19. Qg3 Ba6 20. Nh6+ Kh8 21.
Nxf7+ Rxf7 22. Rxf7 g6 23. Qe5+ {Black resigns} 1-0

[Event "Team 45 45 League T40"]
[Site "Internet Chess Club"]
[Date "2009.03.28"]
[Round "9"]
[White "jjaillet2007"]
[Black "kidcobra"]
[Result "0-1"]
[WhiteElo "1223"]
[BlackElo "1590"]
[Opening "QGD Slav defense"]
[ECO "D13"]
[Time "14:05:21"]
[TimeControl "2700+45"]

1. d4 d5 2. c4 c6 3. Nc3 Nf6 4. cxd5 cxd5 5. Nf3 Nc6 6. Bf4 Bg4 7. e3 g6 8. h3
Bd7 9. Bd3 Bg7 10. O-O O-O 11. Re1 Re8 12. e4 e6 13. e5 Nh5 14. g3 Nxf4 15. gxf4
Qb6 16. Bb5 a6 17. Bxc6 Bxc6 18. Qb3 Qxb3 19. axb3 a5 20. Na4 Bxa4 21. bxa4 Rec8
22. Rac1 Rab8 23. Nd2 Rc6 24. Nb3 Ra6 25. Rc5 Rba8 26. Rc7 R6a7 27. Rec1 b6 28.
Rxa7 Rxa7 29. Rc6 Rb7 30. Rc8+ Bf8 31. Kg2 Kg7 32. Kg3 Bb4 33. h4 h6 34. Rc1 Bf8
35. Nd2 f6 36. Nf3 Kf7 37. exf6 Kxf6 38. Ne5 Bd6 39. Ng4+ Kg7 40. Re1 Re7 41.
Rg1 Rc7 42. Ne5 Rc2 43. Kf3 Bxe5 44. fxe5 h5 45. Rb1 Rc4 46. b3 Rxd4 47. Rc1
Rxh4 48. Kg3 Rb4 49. Rc6 Rxb3+ 50. Kg2 Kf7 51. Rc7+ Kg8 52. Re7 b5 53. Rxe6 bxa4
54. Ra6 Rb5 55. Kf3 a3 56. e6 a2 57. Ra8+ Kg7 58. Ra7+ Kf8 59. Ra8+ Ke7 60. Ra6
a1=Q 61. Ra7+ Kxe6 62. Ra6+ Ke5 63. Rxg6 Qa3+ 64. Kg2 Qb4 65. Rg5+ Kd6 66. Rxh5
Qg4+ {White resigns} 0-1

[Event "Team 45 45 League T40"]
[Site "Internet Chess Club"]
[Date "2009.03.29"]
[Round "9"]
[White "xlxe5"]
[Black "ars-felidae"]
[Result "1-0"]
[WhiteElo "1414"]
[BlackElo "1209"]
[Opening "Queen's pawn: Yusupov-Rubinstein system"]
[ECO "A46"]
[Time "11:59:14"]
[TimeControl "2700+45"]

1. d4 Nf6 2. Nf3 e6 3. e3 Nc6 4. c3 a6 5. Bd3 b5 6. Qe2 d5 7. Nbd2 Bd6 8. e4 O-O
9. e5 Bxe5 10. Nxe5 Qd6 11. Nxc6 Qxc6 12. Nf3 Ng4 13. Bxh7+ Kxh7 14. Ng5+ Kg8
15. Qxg4 e5 16. Qh5 Bf5 17. dxe5 Qc4 18. Qf3 Bd3 19. Bd2 b4 20. cxb4 Rae8 21.
Qg3 f6 22. Rc1 Qb5 23. Nf3 d4 24. Rc5 Qa4 25. Nxd4 Rxe5+ 26. Rxe5 fxe5 27. Ne6
Qc2 28. Qxg7# {Black checkmated} 1-0

[Event "Team 45 45 League T40"]
[Site "Internet Chess Club"]
[Date "2009.03.28"]
[Round "9"]
[White "Zohan"]
[Black "bowwrestler"]
[Result "1-0"]
[WhiteElo "1262"]
[BlackElo "1045"]
[Opening "Scandinavian: Pytel-Wade variation"]
[ECO "B01"]
[Time "17:02:47"]
[TimeControl "2700+45"]

1. e4 d5 2. exd5 Qxd5 3. Nc3 Qd6 4. Bb5+ Nc6 5. Nf3 Nf6 6. O-O a6 7. Bxc6+ Qxc6
8. Ne5 Qe6 9. d4 Nd5 10. Ne4 f6 11. Nc5 Qd6 12. Qh5+ g6 13. Nxg6 Rg8 14. Nf4+
Kd8 15. Nxd5 f5 16. Nf4 Qc6 17. Re1 b6 18. Qf7 Rxg2+ 19. Nxg2 bxc5 20. Qxf8+ Kd7
21. Qxf5+ Ke8 22. Qxh7 Kf8 23. Qxe7+ Kg8 24. Qxc5 Qf3 25. Qc4+ Kh7 26. Re7+ Kg6
27. Nh4+ Kf6 28. Nxf3 Kxe7 29. Bg5+ Kd6 30. Qc5+ Kd7 31. Ne5+ Ke6 32. Qc6+ Kf5
33. Qxa8 Be6 34. Be3 Kf6 35. Qf8+ Bf7 36. Qxf7# {Black checkmated} 1-0

[Event "Team 45 45 League T40"]
[Site "Internet Chess Club"]
[Date "2009.03.28"]
[Round "9"]
[White "reb"]
[Black "easycure"]
[Result "1-0"]
[WhiteElo "2352"]
[BlackElo "2348"]
[Opening "Benoni: Nimzovich (knight's tour) variation"]
[ECO "A61"]
[Time "10:12:30"]
[TimeControl "2700+45"]

1. d4 e6 2. c4 Nf6 3. Nf3 c5 4. d5 d6 5. Nc3 exd5 6. cxd5 g6 7. Nd2 Nbd7 8. e4
a6 9. a4 Bg7 10. Be2 O-O 11. O-O Re8 12. Qc2 Rb8 13. a5 b5 14. axb6 Ra8 15. b7
Bxb7 16. Nc4 Nb6 17. Na5 Qc7 18. Nxb7 Qxb7 19. Bg5 Nfd7 20. Ra3 h6 21. Bf4 Ne5
22. Nd1 Reb8 23. Ne3 Nbd7 24. Rb1 a5 25. Bg3 Nb6 26. f4 Ned7 27. f5 Be5 28. fxg6
fxg6 29. Ng4 Kg7 30. Bxe5+ dxe5 31. Qd2 Rh8 32. Rf1 Nc8 33. Rh3 h5 34. Qg5 hxg4
35. Rxh8 Kxh8 36. Qh6+ Kg8 37. Qxg6+ Kh8 38. Rf7 {Black resigns} 1-0

[Event "Team 45 45 League T40"]
[Site "Internet Chess Club"]
[Date "2009.03.30"]
[Round "9"]
[White "Blade"]
[Black "fundie"]
[Result "0-1"]
[WhiteElo "2144"]
[BlackElo "2245"]
[Opening "Nimzovich-Larsen attack: Indian variation"]
[ECO "A01"]
[Time "17:31:24"]
[TimeControl "2700+45"]

1. b3 Nf6 2. d4 b6 3. e3 Bb7 4. Nf3 g6 5. Bd3 Bg7 6. O-O O-O 7. Nbd2 d6 8. c4
Nbd7 9. Ba3 Re8 10. Re1 e5 11. dxe5 Ng4 12. exd6 Bxa1 13. dxc7 Qxc7 14. Qxa1
Nde5 15. Nxe5 Rxe5 16. Nf1 Rae8 17. Be2 Nh6 18. Rd1 Rg5 19. f3 Re6 20. Qd4 Nf5
21. Qd8+ Qxd8 22. Rxd8+ Kg7 23. e4 Bc6 24. exf5 Rxe2 25. Ng3 Rxa2 26. Bf8+ Kf6
27. Ne4+ Bxe4 28. fxe4 Rgxg2+ 29. Kf1 Rxh2 30. Kg1 {White resigns} 0-1

[Event "Team 45 45 League T40"]
[Site "Internet Chess Club"]
[Date "2009.03.29"]
[Round "9"]
[White "jorobo"]
[Black "SlimeDog2"]
[Result "0-1"]
[WhiteElo "2202"]
[BlackElo "2242"]
[Opening "English: Anglo-Grünfeld defense"]
[ECO "A16"]
[Time "14:16:18"]
[TimeControl "2700+45"]

1. c4 Nf6 2. Nc3 d5 3. cxd5 Nxd5 4. g3 Nxc3 5. bxc3 e5 6. Bg2 Bd6 7. Nf3 O-O 8.
O-O c5 9. d4 cxd4 10. cxd4 Nd7 11. Bb2 Qe7 12. dxe5 Nxe5 13. Nxe5 Bxe5 14. Bxe5
Qxe5 15. Rb1 Rb8 16. Qa4 a6 17. e4 b5 18. Qb4 Be6 19. a4 Bc4 20. Rfd1 Ba2 21.
Qb2 Qe6 22. Bh3 Qxh3 23. Qxa2 Qg4 24. axb5 axb5 25. Qd5 h5 26. Rxb5 Rxb5 {White
resigns} 0-1

[Event "Team 45 45 League T40"]
[Site "Internet Chess Club"]
[Date "2009.03.29"]
[Round "9"]
[White "Ser-Enigma"]
[Black "hewdondada"]
[Result "1-0"]
[WhiteElo "2185"]
[BlackElo "1756"]
[Opening "Scandinavian (center counter) defense"]
[ECO "B01"]
[Time "14:05:24"]
[TimeControl "2700+45"]

1. e4 d5 2. exd5 Qxd5 3. Nf3 Nf6 4. Nc3 Qa5 5. d4 c6 6. Ne5 Nbd7 7. Nc4 Qc7 8.
g3 g6 9. Bf4 Qd8 10. Qe2 Bg7 11. Bg2 O-O 12. O-O-O Nb6 13. Ne5 Nfd5 14. Nxd5
cxd5 15. h4 h5 16. f3 Bxe5 17. dxe5 Kg7 18. Bd2 Be6 19. Bc3 Rc8 20. Bd4 Nc4 21.
Bh3 Qa5 22. Kb1 Qb5 23. Qd3 Rc6 24. g4 Rfc8 25. gxh5 Ra6 26. Qb3 Qxb3 27. axb3
Na5 28. Bxe6 Rxe6 29. hxg6 Nc6 30. Bc3 d4 31. Bxd4 Nxd4 32. Rxd4 Kxg6 33. f4 Rc7
34. Rg1+ Kh6 35. Rd8 Rg6 36. Rg5 f6 37. exf6 exf6 38. Rh8+ Rh7 39. Rxg6+ Kxg6
40. Rxh7 Kxh7 41. Kc1 Kg6 42. Kd2 Kh5 43. Ke3 f5 44. Kd4 Kxh4 45. Ke5 Kg4 46. b4
a6 47. c4 {Black resigns} 1-0

[Event "Team 45 45 League T40"]
[Site "Internet Chess Club"]
[Date "2009.03.29"]
[Round "9"]
[White "Invicta-Knight"]
[Black "Zyme"]
[Result "0-1"]
[WhiteElo "1607"]
[BlackElo "1503"]
[Opening "French: advance, Euwe variation"]
[ECO "C02"]
[Time "08:41:19"]
[TimeControl "2700+45"]

1. e4 e6 2. d4 d5 3. e5 c5 4. c3 Nc6 5. Nf3 Bd7 6. Bd3 cxd4 7. cxd4 Qb6 8. O-O
Nxd4 9. Nxd4 Qxd4 10. Nc3 Qxe5 11. Re1 Qb8 12. Nxd5 Bd6 13. Qg4 Bxh2+ 14. Kh1
Be5 15. Bf4 Bxf4 16. Qxf4 Qxf4 17. Nxf4 Nf6 18. Rac1 O-O 19. Rc7 Bc6 20. b4 Rac8
21. Rxc8 Rxc8 22. b5 Bd5 23. Nxd5 Nxd5 24. Be4 Rc5 25. Bxd5 Rxd5 26. Rc1 g6 27.
a4 Rd7 28. a5 Kf8 29. Kh2 Ke7 30. Kg3 Kd6 31. b6 axb6 32. axb6 h5 33. f4 f6 34.
Rc8 Rg7 35. Kf3 e5 36. fxe5+ fxe5 37. Ke4 g5 38. Kf5 h4 39. Rd8+ Kc6 40. Kf6 Rd7
41. Rxd7 Kxd7 42. Kxe5 g4 43. Kf4 h3 44. Kg3 hxg2 45. Kxg2 Kc6 46. Kg3 Kxb6 47.
Kxg4 Kc5 48. Kf3 Kc4 49. Ke2 b5 50. Kd2 Kb3 51. Kc1 Ka2 {White resigns} 0-1

[Event "Team 45 45 League T40"]
[Site "Internet Chess Club"]
[Date "2009.03.30"]
[Round "9"]
[White "AlPearson"]
[Black "stputte"]
[Result "0-1"]
[WhiteElo "1396"]
[BlackElo "1398"]
[Opening "English: Anglo-Dutch defense"]
[ECO "A87"]
[Time "10:11:14"]
[TimeControl "2700+45"]

1. c4 f5 2. g3 Nf6 3. Bg2 g6 4. Nf3 Bg7 5. O-O O-O 6. Nc3 d6 7. d4 Qe8 8. Qc2 e5
9. dxe5 dxe5 10. b3 e4 11. Nd2 Nc6 12. Rd1 Nd4 13. Qb1 e3 14. Nf1 exf2+ 15. Kh1
Nxe2 16. Bb2 f4 17. Qc2 Nxc3 18. Bxc3 fxg3 19. Nxg3 Ng4 20. Bxg7 Kxg7 21. Rd2
Qe1+ 22. Rxe1 fxe1=Q+ 23. Nf1 Rxf1+ 24. Bxf1 Qxf1# {White checkmated} 0-1

[Event "Team 45 45 League T40"]
[Site "Internet Chess Club"]
[Date "2009.03.28"]
[Round "9"]
[White "houseofcook"]
[Black "AtomicDog"]
[Result "1-0"]
[WhiteElo "1442"]
[BlackElo "1370"]
[Opening "Sicilian: Smith-Morra gambit"]
[ECO "B21"]
[Time "11:00:09"]
[TimeControl "2700+45"]

1. e4 c5 2. d4 cxd4 3. c3 dxc3 4. Nxc3 Nc6 5. Nf3 d6 6. Bc4 e6 7. O-O Nf6 8. Qe2
a6 9. Rd1 Qc7 10. Bf4 Be7 11. e5 dxe5 12. Bxe5 Nxe5 13. Nxe5 O-O 14. Rac1 b5 15.
Bb3 Qb6 16. Ne4 Nxe4 17. Qxe4 Bb7 18. Qe2 Rfd8 19. Nd7 Qa7 20. Bxe6 Bc8 21. Qg4
Bxd7 22. Bxd7 Bf6 23. b3 Rab8 24. Bf5 Bd4 25. Qh4 h6 26. Bb1 Rbc8 27. Rxc8 Rxc8
28. h3 Bf6 29. Qe4 g6 30. Qf4 Bg5 31. Qg4 Rb8 32. Rd7 Qb6 33. Qf3 Rf8 34. Qd5
Qf6 35. Qd1 Re8 36. Rd2 Bxd2 37. Qxd2 Qg7 38. Bc2 f5 39. Bd1 Qe7 40. Qd3 Rd8 41.
Qf1 Qd6 42. Bf3 Kg7 43. Qa1+ Qf6 44. Qe1 Rd6 45. Qe8 Re6 46. Qd7+ Re7 47. Qd2
Qe5 48. Qd8 Qe1+ 49. Kh2 Re8 50. Qd7+ Qe7 51. Qd4+ Qf6 52. Qd7+ Re7 53. Qd1 Qe5+
54. g3 g5 55. Qc2 Kf6 56. Qc6+ Re6 57. Qc8 g4 58. Qf8+ Kg6 59. Qg8+ Qg7 60.
Qxe6+ {Black resigns} 1-0

[Event "Team 45 45 League T40"]
[Site "Internet Chess Club"]
[Date "2009.03.30"]
[Round "9"]
[White "Rubacchus"]
[Black "JimGaming"]
[Result "0-1"]
[WhiteElo "1248"]
[BlackElo "1320"]
[Opening "Budapest: Adler variation"]
[ECO "A52"]
[Time "14:00:17"]
[TimeControl "2700+45"]

1. d4 Nf6 2. c4 e5 3. dxe5 Ng4 4. Nf3 Bc5 5. e3 Nc6 6. h3 Ngxe5 7. Nxe5 Nxe5 8.
f4 Nc6 9. Be2 O-O 10. O-O Re8 11. b3 Bxe3+ 12. Bxe3 Rxe3 13. Rf3 Qe7 14. Kf1 d6
15. Rxe3 Qxe3 16. Qd2 Qd4 17. Qxd4 Nxd4 18. Nc3 c6 19. Bd3 f5 20. Re1 Kf7 21.
Kf2 Bd7 22. Kg3 Re8 23. Rxe8 Kxe8 24. Kh4 Ke7 25. b4 Kf6 26. c5 d5 27. a4 g6 28.
g4 Nf3+ 29. Kg3 Nd4 30. g5+ Kg7 31. b5 h5 32. b6 a6 33. Bxa6 Bc8 34. Bd3 Ne6 35.
Ne2 Nxc5 36. Bc2 Ne4+ 37. Kf3 h4 38. a5 Nd2+ 39. Ke3 Nc4+ 40. Kd4 Nxa5 41. Bd3
Nb3+ 42. Ke5 Nc5 43. Kd6 Nd7 44. Ke6 Nxb6+ 45. Kd6 Na4 46. Ng1 Kf7 47. Kc7 Be6
48. Nf3 Nc5 49. Nxh4 Nxd3 50. Kxb7 c5 {White resigns} 0-1

[Event "Team 45 45 League T40"]
[Site "Internet Chess Club"]
[Date "2009.03.29"]
[Round "9"]
[White "CKNIGHT3"]
[Black "BotanicalKnight"]
[Result "0-1"]
[WhiteElo "1459"]
[BlackElo "1607"]
[Opening "Caro-Kann: advance variation"]
[ECO "B12"]
[Time "13:03:26"]
[TimeControl "2700+45"]

1. e4 c6 2. d4 d5 3. e5 Bf5 4. Nc3 Qb6 5. Nf3 e6 6. a3 c5 7. Be3 c4 8. Na4 Qa5+
9. Nc3 b5 10. Be2 Nc6 11. b4 Qb6 12. O-O Nge7 13. h3 Bg6 14. Qb1 Nf5 15. Qd1 Be7
16. Qd2 f6 17. Rad1 O-O 18. g4 Nxe3 19. fxe3 a5 20. Na2 axb4 21. Nxb4 Rxa3 22.
Nxc6 Qxc6 23. c3 Rfa8 24. Qe1 b4 25. cxb4 Rxe3 26. Qf2 Raa3 27. exf6 Bxf6 28.
Ne5 Qc8 29. Nf3 Be4 30. Qg2 Ra2 31. Rde1 Bh4 32. g5 Bxe1 33. g6 Rexe2 34. gxh7+
Kh8 35. Qg4 Bxf3 36. Rxf3 Rg2+ 37. Qxg2 Rxg2+ 38. Kxg2 c3 39. b5 c2 40. b6 c1=Q
41. b7 Qxb7 42. Rf8+ Kxh7 43. Rf1 Qg5+ 44. Kh1 Qb2 45. Rg1 Qe3 46. Rg2 Qxh3+ 47.
Kg1 Qhxg2# {White checkmated} 0-1

[Event "Team 45 45 League T40"]
[Site "Internet Chess Club"]
[Date "2009.03.26"]
[Round "9"]
[White "BarryNL"]
[Black "smsxman"]
[Result "1-0"]
[WhiteElo "1492"]
[BlackElo "1401"]
[Opening "Konstantinopolsky opening"]
[ECO "A04"]
[Time "15:01:53"]
[TimeControl "2700+45"]

1. Nf3 Nc6 2. g3 e5 3. e4 Nf6 4. d3 Bc5 5. Bg2 O-O 6. O-O d5 7. Nbd2 Bg4 8. c3
dxe4 9. Nxe4 Bb6 10. Bg5 Re8 11. Nxf6+ gxf6 12. Be3 Qe7 13. Bxb6 cxb6 14. Qa4
Bd7 15. Qc2 Rad8 16. Rfe1 Bf5 17. Rad1 Bg6 18. Qe2 e4 19. dxe4 Rxd1 20. Rxd1
Bxe4 21. Re1 f5 22. Nd2 Bxg2 23. Qxe7 Rxe7 24. Rxe7 Nxe7 25. Kxg2 Kg7 26. Nc4
Nc8 27. Kf3 Kf6 28. Kf4 Ke6 29. Ne3 Nd6 30. c4 f6 31. f3 a6 32. b4 h6 33. c5 Nc8
34. Nxf5 bxc5 35. bxc5 Ne7 36. Nxe7 Kxe7 37. Kf5 Kf7 38. g4 a5 39. a4 Ke7 40. h4
Kd7 41. Kxf6 Kc6 42. f4 Kxc5 43. f5 b5 44. Ke6 b4 45. f6 b3 46. f7 Kb4 47. f8=Q+
Kxa4 48. Qf1 Ka3 49. g5 hxg5 50. hxg5 Ka2 51. g6 b2 52. g7 a4 53. g8=Q b1=Q 54.
Qxb1+ Kxb1 55. Qg1+ Ka2 56. Qf2+ Kb3 57. Qe3+ Kb4 58. Qd4+ Kb3 59. Qa1 a3 60.
Ke5 a2 61. Kd4 Ka3 62. Kc3 {Black resigns} 1-0

[Event "Team 45 45 League T40"]
[Site "Internet Chess Club"]
[Date "2009.03.26"]
[Round "9"]
[White "Wonderbugg"]
[Black "Sir-Anthony"]
[Result "1-0"]
[WhiteElo "1530"]
[BlackElo "1488"]
[Opening "French: Tarrasch, closed variation"]
[ECO "C05"]
[Time "17:17:39"]
[TimeControl "2700+45"]

1. e4 e6 2. d4 d5 3. Nd2 Nf6 4. e5 Nfd7 5. Nb3 Be7 6. Qg4 Rg8 7. Bd3 Nf8 8. Nf3
b6 9. Bh6 Ng6 10. Bg5 Ba6 11. Bxg6 hxg6 12. Bxe7 Qxe7 13. O-O-O Nd7 14. h4 O-O-O
15. h5 gxh5 16. Rxh5 f5 17. Qg5 Qb4 18. Rdh1 Be2 19. Nbd2 a5 20. a3 Qf8 21. Qe3
g6 22. Rh7 Ba6 23. Ng5 f4 24. Qc3 Qf5 25. Nf7 Qg4 26. Qc6 Qxg2 27. Nxd8 Rxd8 28.
Rh8 Qg5 29. Nf3 Nb8 30. Qxe6+ {Black resigns} 1-0

[Event "Team 45 45 League T40"]
[Site "Internet Chess Club"]
[Date "2009.03.26"]
[Round "9"]
[White "rd00d"]
[Black "KingOfHearts"]
[Result "0-1"]
[WhiteElo "1412"]
[BlackElo "1302"]
[Opening "King's pawn game"]
[ECO "C50"]
[Time "19:00:09"]
[TimeControl "2700+45"]

1. e4 e5 2. Nf3 Nc6 3. Bc4 h6 4. d4 exd4 5. Nxd4 Nxd4 6. Qxd4 d6 7. Nc3 Nf6 8.
Be3 c5 9. Qd3 Be7 10. h3 O-O 11. O-O-O a6 12. Nd5 b5 13. Nxf6+ Bxf6 14. Bd5 c4
15. Qd2 c3 16. bxc3 Qa5 17. Bxa8 Qxa2 18. Qxd6 Bxc3 19. Qxf8+ Kxf8 20. Rd8+ Ke7
21. Bc5+ Kxd8 22. Rd1+ Kc7 23. Bd6+ Kb6 {White resigns} 0-1